 Dungeon Crawl Stone Soup version 0.20-a0-899-g09a9bfb (webtiles) character file.

7 4thArraOfDagon the Skirmisher (level 2, -3/20 HPs)
             Began as a Halfling Wanderer on Mar 18, 2017.
             Slain by an adder (4 damage)
             ... on level 4 of the Dungeon.
             The game lasted 00:01:50 (246 turns).

4thArraOfDagon the Skirmisher (Halfling Wanderer)    Turns: 246, Time: 00:01:51

Health: -3/20      AC:  5    Str: 10    XL:     2   Next: 10%
Magic:  2/2        EV:  8    Int: 14    God:
Gold:   13         SH:  0    Dex: 12    Spells: 1/1 levels left

rFire    + . .     SeeInvis .   d - +0 mace
rCold    + . .     Gourm    .   m - +0 ring mail
rNeg     . . .     Faith    .   (shield restricted)
rPois    +         Spirit   .   (no helmet)
rElec    +         Reflect  .   (no cloak)
rCorr    +         Harm     .   (no gloves)
MR       .....                  (no boots)
Stlth    +.........             (no amulet)
Regen    0.1/turn               (no ring)
MPRegen  0.1/turn               (no ring)

@: lethally poisoned (-3 -> -17), resistant, constricted
A: mutation resistance 1
a: no special abilities


You were on level 4 of the Dungeon.
You were not hungry.

You visited 1 branch of the dungeon, and saw 4 of its levels.

You collected 13 gold pieces.

Inventory:

Hand Weapons
 b - a +2 blowgun
 d - a +0 mace (weapon)
 l - a +0 dagger
 n - a +0 hunting sling
Missiles
 a - a curare-tipped needle
 h - 9 poisoned needles
 o - 18 stones (quivered)
Armour
 e - a +0 robe
 m - a +0 ring mail (worn)
Scrolls
 j - a scroll of magic mapping {unknown}
Potions
 i - a potion of flight {unknown}
 k - a potion of curing {unknown}
Books
 c - the Tome of the Compass

   Spells                             Type                      Level
   a - Apportation                    Translocation                1
   b - Portal Projectile              Hexes/Translocation          3
Comestibles
 f - a bread ration


   Skills:
 - Level 2.3 Fighting
 * Level 0.2 Short Blades
 - Level 1.0 Maces & Flails
 * Level 0.4(1.1) Slings
 - Level 1.0 Throwing
 - Level 2.1 Armour
   Level 1.1 Shields
   Level 1.1 Translocations
   Level 2.0 Fire Magic


You had one spell level left.
You didn't know any spells.

Dungeon Overview and Level Annotations

Branches:
Dungeon (4/15)
 Temple: D:4-7

Altars:


Innate Abilities, Weirdness & Mutations

You are small and have problems with some larger weapons.
You are somewhat resistant to further mutation.


Message History

The ball python constricts you. The adder bites you.
You are lethally poisoned!
The adder poisons you!
You hit the adder but do no damage.
The adder is moderately wounded.
You feel sick. The ball python barely misses you.
The ball python constricts you. The adder bites you.
* * * LOW HITPOINT WARNING * * *
You are more poisoned.
The adder poisons you! The ball python closely misses you.
The ball python constricts you.
Unknown command.
It was a potion of resistance.
You feel protected.
* * * LOW HITPOINT WARNING * * *
You feel sick. The adder bites you.
* * * LOW HITPOINT WARNING * * *
The ball python barely misses you. The ball python constricts you.
The adder bites you.
You die...

####### ######## #.....#
#......## #.....##.
########..###<.###........
#.......#S.###............
#.......S@..((###...S...##
#.......###...............
#.......# #####.#.......#.
#####.### #.#.......# #. #
.#.....## #. .#.....# ..
#....<### #.


You could see an adder and a ball python.

Vanquished Creatures
  4 bats
  2 goblins (D:2)
  A leopard gecko skeleton (D:4)
7 creatures vanquished.

Notes
Turn   | Place    | Note
-------+----------+-------------------------------------------
     0 | D:1      | 4thArraOfDagon the Halfling Wanderer began the quest for the Orb.
     0 | D:1      | 4thArraOfDagon set off with: a curare-tipped needle, a +2 blowgun, the Tome of the Compass, a +0 mace, a +0 robe, a bread ration
     0 | D:1      | Reached XP level 1. HP: 14/14 MP: 1/1
   138 | D:2      | Reached XP level 2. HP: 9/20 MP: 2/2
   246 | D:4      | HP: 1/20 [adder (3)]
   246 | D:4      | Slain by an adder

Vault maps used:
D:1:      dpeg_arrival_stone_temple_mockup
D:2:      grunt_dithmenos_smoke, serial_glass, glass_columns_a, glass_columns_c
D:3:      eat_drink_and_be_merry_uskayaw, first_bread, kennysheep_flooded_box
D:4:      minmay_temple_entry_statues_fountains, feat_on_display

Skill      XL: |  1 |
---------------+----+-----
Fighting       | 2 |  2.3
Short Blades   | |  0.2
Maces & Flails | |  1.0
Slings         | |  0.4
Throwing       | |  1.0
Armour         | |  2.1
Shields        | |  1.1
Translocations | |  1.1
Fire Magic     | |  2.0

Action                   || total
-------------------------++-------
Melee: Mace              ||    38
 Fire: Blowgun           ||     2
  Use: Potion            ||     1
Armor: Robe              ||     9
Dodge: Dodged            ||    40
